 Dungeon Crawl Stone Soup version 0.22.1-1-ga44c0e5 (webtiles) character file.

3235 HoaS the Grappler (level 9, -1/59 HPs)
             Began as a Gargoyle Berserker on Oct 1, 2018.
             Was an Elder of Trog.
             Slain by a hobgoblin zombie (4 damage)
             ... on level 6 of the Dungeon.
             The game lasted 00:20:44 (5946 turns).

HoaS the Grappler (Gargoyle Berserker)              Turns: 5946, Time: 00:20:45

Health: -1/59      AC:  0    Str: 23    XL:     9   Next: 98%
Magic:  9/9        EV: 14    Int:  9    God:    Trog [****..]
Gold:   173        SH:  0    Dex:  9    Spells: 8/8 levels left

rFire    . . .     SeeInvis .     - Unarmed
rCold    . . .     Gourm    .   (shield currently unavailable)
rNeg     + . .     Faith    .   (armour currently unavailable)
rPois    ∞         Spirit   .   (helmet currently unavailable)
rElec    .         Reflect  .   (cloak currently unavailable)
rCorr    .         Harm     .   (gloves currently unavailable)
MR       .....                  (boots currently unavailable)
Stlth    +.........             (no amulet)
HPRegen  0.19/turn              (ring currently unavailable)
MPRegen  0.11/turn              (ring currently unavailable)

@: pig-form (expiring), berserk cooldown, slowed
A: small, negative energy resistance 1, petrification resistance, rot immunity,
AC +6
a: Berserk, Trog's Hand, Brothers in Arms, Renounce Religion


You were on level 6 of the Dungeon.
You worshipped Trog.
Trog was greatly pleased with you.
You were hungry.
You were a filthy swine.
You visited 1 branch of the dungeon, and saw 6 of its levels.
You also visited: Ossuary.

You collected 277 gold pieces.
You spent 104 gold pieces at shops.

Inventory:

Armour
 l - a +1 helmet (melded)
 r - a +0 chain mail (melded)
Jewellery
 g - a ring of stealth (melded)
 j - a ring of protection from fire (melded)
Scrolls
 d - 5 scrolls of remove curse
 h - 3 scrolls of amnesia {unknown}
 i - 4 scrolls of teleportation
Potions
 a - 4 potions of flight
 c - a potion of mutation {unknown}
 e - 4 potions of curing
 f - a potion of invisibility
 k - 2 potions of haste
 m - 2 potions of heal wounds
 o - 3 potions of berserk rage
 p - a potion of ambrosia {unknown}
 q - a potion of brilliance {unknown}
Comestibles
 b - 11 rations
 n - 12 chunks of flesh


   Skills:
 + Level 8.1 Fighting
 + Level 7.8 Armour
 - Level 1.5 Dodging
 * Level 10.2 Unarmed Combat


You had 8 spell levels left.
You didn't know any spells.
Your spell library was empty.

Dungeon Overview and Level Annotations

Branches:
Dungeon (6/15)             Temple (0/1) D:4

Altars:
Ashenzari
Makhleb
Nemelex Xobeh
Okawaru
Qazlal
Uskayaw
Xom
The Shining One

Shops:
D:4 ?(=*[   D:5 }

Annotations:
D:4 1 runed door
D:6 3 runed doors, yogakurto's ghost, novice MiTm


Innate Abilities, Weirdness & Mutations

You are resistant to torment.
((Your stone body is resilient. (AC +6)))
You are immune to poison.
You resist negative energy. (rN+)
((You are resistant to electric shocks. (rElec)))
((You can survive without breathing.))
You are immune to petrification.
You are immune to rotting.


Message History

An adder comes into view.
The adder skeleton barely misses you.
The adder hisses angrily.
You hit the adder skeleton.
You destroy the adder skeleton!
Trog accepts your kill.
Your transformation is almost over.
You hit the goblin skeleton.
The goblin skeleton is almost destroyed.
The goblin skeleton barely misses you.
You bite the goblin skeleton!
You destroy the goblin skeleton!
Trog accepts your kill.
You barely miss the hobgoblin zombie. The hobgoblin zombie hits you.
* * * LOW HITPOINT WARNING * * *
You hit the hobgoblin zombie but do no damage.
The adder bites you.
* * * LOW HITPOINT WARNING * * *
The hobgoblin zombie hits you.
You die...

≈≈....≈P ≈P..≈.≈≈≈ ≈......
≈P...P≈≈P ♣...... P≈..≈≈P≈P
♣.....# ≈....≈≈≈≈≈ ♣.....#
+#. ≈....≈≈≈≈≈≈♣...... ....
≈≈...≈≈≈≈≈≈.p....##.....
≈....P≈≈≈≈#.....SZ..._..'
♣...P≈≈≈≈♣ #.h# Z... .#
#...≈≈≈≈P♣ ##..# ..p ...
#...♣≈≈P≈♣####p..####.# ##..#
##..≈≈≈P♣........#.##.##.#..#
##..♣P≈≈♣######.............#
#..##♣P≈##...##....p........#
#..#..♣.............##....##
.......<.............[.....#
...............##...#[....##


You could see an adder, a hobgoblin zombie and 2 neutral freed slaves.

Vanquished Creatures
  Pikel (D:6)
  Grinder (D:5)
  The ghost of Paps the Shield-Bearer, an amateur GrFi (D:4)
  Menkaure (D:4)
  A water moccasin (D:6)
  An ice beast (D:6)
  A black bear (D:5)
  A necrophage (D:5)
  4 bullfrogs
  A gnoll sergeant (D:4)
  A water moccasin zombie (Ossuary)
  3 wights (D:6)
  An electric eel (D:6)
  3 bullfrog zombies (Ossuary)
  A howler monkey (D:6)
  5 crimson imps
  3 centaur zombies (Ossuary)
  3 hounds
  4 orc wizards (D:4)
  A jelly (D:5)
  2 orc priests (D:6)
  A centaur skeleton (D:4)
  An iron imp (D:2)
  An iguana (D:6)
  3 worker ants (D:4)
  A hound zombie (Ossuary)
  12 mummies (Ossuary)
  A howler monkey zombie (Ossuary)
  4 worker ant zombies (Ossuary)
  Robin (D:3)
  12 gnolls
  6 adders
  A shadow imp (D:5)
  An ooze (D:6)
  An adder skeleton (D:6)
  2 adder zombies (Ossuary)
  2 worms
  4 dart slugs
  7 leopard geckos
  10 orcs
  5 ball pythons
  3 giant cockroaches
  15 goblins
  9 hobgoblins
  4 jackals (D:1)
  A quokka (D:6)
  9 bats
  5 frilled lizards
  A goblin skeleton (D:6)
  A hobgoblin zombie (D:6)
  8 kobolds
  A kobold skeleton (D:6)
  A leopard gecko zombie (Ossuary)
  3 quokka zombies (Ossuary)
  6 rats
183 creatures vanquished.

Vanquished Creatures (others)
  A shadow imp (D:6)
  A withered plant (Ossuary)
2 creatures vanquished.

Grand Total: 185 creatures vanquished

Notes
Turn   | Place    | Note
-------+----------+-------------------------------------------
     0 | D:1      | HoaS the Gargoyle Berserker began the quest for the Orb.
     0 | D:1      | Reached XP level 1. HP: 14/14 MP: 1/1
     6 | D:1      | Noticed a wolf
     6 | D:1      | Noticed an anaconda
     6 | D:1      | Noticed a killer bee
   255 | D:1      | Reached XP level 2. HP: 4/19 MP: 2/2
   746 | D:1      | Reached XP level 3. HP: 23/23 MP: 3/3
  1265 | D:2      | Reached ** piety under Trog
  1322 | D:2      | Found a shattered altar of Ashenzari.
  1552 | D:2      | Reached skill level 4 in Unarmed Combat
  1615 | D:2      | Found a hide-covered altar of Uskayaw.
  1686 | D:2      | Found a burning altar of Makhleb.
  1695 | D:2      | Reached XP level 4. HP: 29/29 MP: 4/4
  1763 | D:3      | Noticed Robin
  1809 | D:3      | Killed Robin
  2022 | D:3      | Found a sparkling altar of Nemelex Xobeh.
  2027 | D:3      | Reached XP level 5. HP: 33/33 MP: 5/5
  2267 | D:3      | Found an iron altar of Okawaru.
  2382 | D:3      | Found a burning altar of Makhleb.
  2382 | D:3      | Noticed a balrug
  2385 | D:3      | Noticed a ynoxinul
  2385 | D:3      | Noticed a ynoxinul
  2491 | D:4      | Found Vuplel Wuo's Armour Boutique.
  2523 | D:4      | Found a sand-covered staircase.
  2533 | Ossuary  | Entered an ossuary
  2552 | Ossuary  | Reached skill level 5 in Unarmed Combat
  2552 | Ossuary  | Reached XP level 6. HP: 33/39 MP: 6/6
  2588 | Ossuary  | Reached *** piety under Trog
  2933 | Ossuary  | Reached skill level 5 in Fighting
  2939 | Ossuary  | Reached XP level 7. HP: 37/44 MP: 7/7
  2974 | Ossuary  | Reached skill level 6 in Unarmed Combat
  3610 | D:4      | Reached skill level 5 in Armour
  3644 | D:4      | Noticed a fire elemental
  3646 | D:4      | Found a stormy altar of Qazlal.
  3647 | D:4      | Noticed an air elemental
  3647 | D:4      | Noticed a water elemental
  3758 | D:4      | Reached XP level 8. HP: 44/51 MP: 8/8
  3784 | D:4      | Found Wizxoliph's Jewellery Emporium.
  3803 | D:4      | Found a staircase to the Ecumenical Temple.
  3859 | D:4      | Reached skill level 7 in Unarmed Combat
  3894 | D:4      | Reached **** piety under Trog
  4204 | D:4      | Noticed Menkaure
  4212 | D:4      | Killed Menkaure
  4294 | D:4      | Found Qefomali's Magic Scroll Shoppe.
  4302 | D:4      | Bought a scroll of identify for 26 gold pieces
  4302 | D:4      | Bought 3 scrolls of identify for 78 gold pieces
  4315 | D:4      | Found a runed door.
  4316 | D:4      | Noticed Paps's ghost (amateur GrFi)
  4343 | D:4      | Killed Paps's ghost
  4343 | D:4      | Reached skill level 8 in Unarmed Combat
  4579 | D:4      | Found a runed door.
  4697 | D:4      | Found Vegaizae's Assorted Antiques.
  4704 | D:4      | Found Orghevupt's Antique Weapon Shop.
  4793 | D:5      | Entered Level 5 of the Dungeon
  5229 | D:5      | Noticed Grinder
  5241 | D:5      | Killed Grinder
  5241 | D:5      | Reached XP level 9. HP: 46/57 MP: 9/9
  5261 | D:5      | Found Qagg's Gadget Boutique.
  5445 | D:5      | Found a shimmering altar of Xom.
  5532 | D:6      | Found a runed gate.
  5532 | D:6      | Found a runed gate.
  5532 | D:6      | Found a runed gate.
  5532 | D:6      | Noticed a cyclops
  5532 | D:6      | Noticed yogakurto's ghost (novice MiTm)
  5587 | D:6      | Reached skill level 9 in Unarmed Combat
  5906 | D:6      | Found a glowing golden altar of the Shining One.
  5906 | D:6      | Noticed Pikel
  5927 | D:6      | Killed Pikel
  5927 | D:6      | Reached skill level 10 in Unarmed Combat
  5946 | D:6      | Slain by a hobgoblin zombie

Skill      XL: |  1  2  3  4  5  6  7  8  9 |
---------------+----------------------------+-----
Unarmed Combat | 4 5 6 8 10 | 10.2
Armour         | 3 4 5 6 7 |  7.8
Fighting       | 4 5 7 8 |  8.1
Dodging        | |  1.5

Action                   |  1- 3 |  4- 6 |  7- 9 || total
-------------------------+-------+-------+-------++-------
Melee: Unarmed           |   140 |   237 |   452 ||   829
       Punch             |     2 |     5 |    13 ||    20
Invok: Berserk           |     1 |     1 |     2 ||     4
       Trog's Hand       |       |       |     2 ||     2
  Use: Scroll            |     2 |     7 |    12 ||    21
  Eat: Chunk             |     4 |     4 |    10 ||    18
       Ration            |       |       |     1 ||     1
Armor: Animal skin       |    12 |       |       ||    12
       Scale mail        |    37 |   100 |   234 ||   371
       Chain mail        |       |       |    10 ||    10
Dodge: Dodged            |    84 |   115 |   253 ||   452
